AoeStats
← 白馬义从

Black Forest

509911175Analyzed
4v4 RM · 3d ago on Sep 28, 2026· 43m 18s· 8 players
Game mode
Random Map
Map size
Large (8 player)
Population
200
Speed
Normal
Resources
Standard
Victory
Conquest
Starting age
Dark Age
Ending age
Imperial Age
RankedLock teamsTeams togetherTeam positionsShared explorationLock speedFull tech treeHidden civsTurbo modeCheats
Victory
Defeat
🇬🇧 Japanese · United Kingdom
996
+23
🇨🇳 Spanish · China
944
+15
🇨🇳 Khmer · China
925
+16
🇦🇷 Franks · Argentina
870
+17
🇬🇧 Ethiopians · United Kingdom
965
-18
🇪🇸 Mongols · Spain
942
-16
🇷🇺 Khmer · Russia
886
-14
🇦🇹 Celts · Austria
867
-25
andreas
12:33 Feudal Age
13:21 Double-Bit Axe
13:21 Horse Collar
18:51 Castle Age
19:46 Bow Saw
19:37 Heavy Plow
27:39 Forging
27:29 Scale Mail Armor
31:14 Chain Mail Armor
31:35 Iron Casting
31:58 Stronghold
38:42 Imperial Age
Papanin
2:05 Loom
12:13 Feudal Age
13:36 Horse Collar
14:08 Double-Bit Axe
15:05 Wheelbarrow
18:18 Castle Age
17:56 Stone Mining
23:07 Heavy Plow
23:45 Hand Cart
25:53 Gold Mining
26:53 Town Watch
29:34 Ballistics
30:07 Fletching
30:22 Scale Barding Armor
32:38 Bodkin Arrow
33:05 Chain Barding Armor
32:55 Murder Holes
38:54 Imperial Age
36:34 Elite Skirmisher
37:19 Padded Archer Armor
38:37 Forging
38:43 Leather Archer Armor
38:51 Fortified Wall
38:53 Masonry
41:08 Chemistry
42:10 Bracer
42:49 Plate Barding Armor
fer_es_merengue9
1:44 Loom
11:24 Feudal Age
12:54 Double-Bit Axe
19:31 Castle Age
17:21 Horse Collar
17:33 Gold Mining
17:35 Stone Mining
20:39 Bow Saw
23:25 Heavy Plow
26:44 Gold Shaft Mining
28:36 Nomads
33:52 Imperial Age
32:04 Wheelbarrow
31:14 Town Watch
32:20 Fletching
32:30 Padded Archer Armor
32:31 Scale Mail Armor
32:36 Scale Barding Armor
34:24 Ballistics
34:00 Murder Holes
34:16 Fortified Wall
34:43 Hand Cart
34:28 Town Patrol
35:09 Conscription
34:18 Elite Mangudai
34:27 Capped Ram
36:15 Bodkin Arrow
36:35 Leather Archer Armor
36:36 Chain Mail Armor
36:41 Chain Barding Armor
37:31 Chemistry
Horahlooks
0:27 Loom
14:17 Feudal Age
16:00 Double-Bit Axe
19:43 Castle Age
17:27 Fishing Lines
20:39 Bow Saw
22:28 Gillnets
27:11 Town Watch
28:01 Wheelbarrow
33:05 Crossbowman
33:38 Fletching
34:20 Bodkin Arrow
34:25 Padded Archer Armor
37:09 Ballistics
kazokas
5:11 Loom
12:42 Feudal Age
18:34 Castle Age
16:46 Double-Bit Axe
18:21 Wheelbarrow
19:45 Bow Saw
21:52 Fishing Lines
22:45 Gold Mining
22:46 Stone Mining
24:26 Horse Collar
25:42 Caravan
29:08 Imperial Age
27:16 Guard Tower
27:47 Ballistics
27:23 Fletching
27:55 Hand Cart
28:22 Bodkin Arrow
28:25 Murder Holes
28:34 Yasama
28:48 Treadmill Crane
29:21 Heavy Plow
29:50 Arrowslits
30:24 Bracer
32:20 Chemistry
33:17 Two-Man Saw
33:54 Kataparuto
33:55 Conscription
33:43 Siege Engineers
34:14 Keep
34:36 Masonry
35:09 Scale Mail Armor
35:19 Forging
35:10 Padded Archer Armor
严的老爹
10:04 Loom
14:15 Feudal Age
18:35 Castle Age
17:37 Double-Bit Axe
20:35 Town Watch
21:27 Wheelbarrow
21:39 Fishing Lines
26:15 Town Watch
28:09 Bow Saw
28:03 Padded Archer Armor
28:16 Bloodlines
28:01 Fletching
30:03 Husbandry
30:25 Light Cavalry
33:18 Hand Cart
35:44 Imperial Age
33:11 Gold Mining
33:16 Stone Mining
35:44 Leather Archer Armor
35:25 Bodkin Arrow
35:37 Scale Barding Armor
36:52 Town Patrol
36:19 Hussar
37:51 Forging
38:26 Conscription
42:19 Two-Man Saw
43:05 Iron Casting
42:52 Chain Barding Armor
42:37 Capped Ram
Aya
13:13 Feudal Age
16:23 Castle Age
14:12 Double-Bit Axe
14:10 Horse Collar
21:41 Wheelbarrow
22:31 Fishing Lines
23:04 Stone Mining
23:05 Gold Mining
24:47 Hand Cart
24:18 Loom
25:35 Stone Shaft Mining
26:01 Gold Shaft Mining
25:56 Heavy Plow
27:23 Bow Saw
31:06 Imperial Age
30:31 Caravan
30:33 Fletching
30:43 Padded Archer Armor
31:31 Ballistics
31:33 Tusk Swords
31:56 Husbandry
32:07 Bloodlines
31:54 Bodkin Arrow
32:14 Leather Archer Armor
32:05 Scale Barding Armor
32:10 Forging
32:32 Conscription
32:14 Double Crossbow
31:52 Elite Ballista Elephant
33:27 Crop Rotation
35:07 Siege Engineers
35:21 Bracer
36:38 Ring Archer Armor
36:29 Chain Barding Armor
36:44 Iron Casting
白馬义从
1:14 Loom
11:07 Feudal Age
11:40 Town Watch
13:29 Double-Bit Axe
13:53 Fishing Lines
21:11 Castle Age
20:31 Stone Mining
21:04 Gold Mining
22:10 Bow Saw
25:09 Wheelbarrow
26:16 Gold Shaft Mining
25:40 Gillnets
26:35 Wheelbarrow
31:13 Imperial Age
29:12 Scale Barding Armor
33:36 Chemistry
32:46 Caravan
33:17 Cavalier
33:58 Husbandry
35:32 Forging
35:44 Chain Barding Armor
35:49 Hand Cart
35:36 Town Patrol
35:13 Capped Ram
37:16 Paladin
41:46 Fervor
42:53 Heavy Scorpion
44:17 Conscription
Connection lost

Rejoining the realm…

Still unreachable

The connection could not be restored.

Session expired

The server has moved on; the page needs a fresh start.